 Dungeon Crawl Stone Soup version 0.31-a0-632-g766dd24fdf (webtiles) character file.

Game seed: 9569023921029908921

852 thirtiethelement the Shooter (level 7, -4/53 HPs)
             Began as a Demonspawn Hunter on Aug 26, 2023.
             Was an Initiate of Hepliaklqana.
             Shot with a bolt by an orc warrior (14 damage)
             ... on level 7 of the Dungeon.
             The game lasted 00:11:09 (3949 turns).

thirtiethelement the Shooter (Demonspawn Hunter)    Turns: 3949, Time: 00:11:09

Health: -4/53      AC: 14    Str: 11    XL:     7   Next: 69%
Magic:  7/7        EV: 12    Int: 11    God:    Hepliaklqana [......]
Gold:   322        SH:  0    Dex: 18    Spells: 6/6 levels left

rFire   . . .        b - +2 long sword (venom)
rCold   . . .        (no shield)
rNeg    . . .        c - +1 leather armour
rPois   .            w - melded +0 helmet
rElec   .            (cloak currently unavailable)
rCorr   .            (gloves currently unavailable)
SInv    .            (boots currently unavailable)
Will    .....        (no amulet)
Stlth   ++           h - +4 ring of protection
HPRegen 0.28/turn    l - ring of flight
MPRegen 0.10/turn

%: no passive effects
@: beast-form, sanguine armoured, flying
A: beast (slay +0), spiny 1, sanguine armour 1, weakness stinger 2
a: Begin Untransformation, Renounce Religion


You were on level 7 of the Dungeon.
You worshipped Hepliaklqana.
Hepliaklqana was noncommittal.
You were a hulking beast.
You visited 2 branches of the dungeon, and saw 8 of its levels.

You collected 322 gold pieces.

Inventory:

Hand Weapons
 a - a +1 shortbow
 b - a +2 long sword of venom (weapon)
Armour
 c - a +1 leather armour (worn)
 w - a +0 helmet (melded)
Jewellery
 h - a +4 ring of protection (left hand)
 i - an amulet of magic regeneration
 j - a ring of resist corrosion
 l - a ring of flight (right hand)
 o - a +5 ring of evasion
Talismans
 k - a flux talisman
 p - a beast talisman (active)
Wands
 m - a wand of polymorph (5)
 v - a wand of flame (49)
Scrolls
 e - a scroll of butterflies
 g - 2 scrolls of teleportation
 q - a scroll of immolation
 r - 3 scrolls of fear
 s - a scroll of noise {unknown}
 x - a scroll of enchant armour
 y - a scroll of poison {unknown}
Potions
 d - a potion of curing {unknown}
 f - 2 potions of might {unknown}
 n - a potion of attraction {unknown}
 t - 2 potions of heal wounds {unknown}
 u - a potion of lignification {unknown}


   Skills:
 + Level 3.7 Fighting
 + Level 1.7(2.1) Short Blades
 + Level 1.6(2.0) Long Blades
 + Level 6.6 Ranged Weapons
 + Level 2.2 Armour
 + Level 2.7 Dodging
 + Level 1.6 Stealth
 + Level 1.0 Shapeshifting


You had 6 spell levels left.
You didn't know any spells.
Your spell library contained the following spells:

 Spells                   Type           Power      Damage    Failure   Level
 Shock                    Conj/Air       0%         1d3       43%         1
 Dazzling Flash           Conj/Hex       0%         N/A       80%         3
 Frozen Ramparts          Ice            0%         1d1       80%         3
 Inner Flame              Hex/Fire       0%         N/A       80%         3
 Swiftness                Air            0%         N/A       80%         3
 Tukima's Dance           Hex            0%         N/A       80%         3
 Airstrike                Air            0%         2d(0-16)  99%         4
 Petrify                  Tmut/Erth      0%         N/A       99%         4
 Metabolic Englaciation   Hex/Ice        0%         N/A       100%        5


Dungeon Overview and Level Annotations

Branches:
Dungeon (8/15)             Temple (1/1) D:5
   Lair: D:8-11

Altars:
Dithmenos
Fedhas
Gozag
Hepliaklqana
Makhleb
Nemelex Xobeh
Okawaru
Qazlal
Ru
Sif Muna
Trog
Uskayaw
Vehumet
Wu Jian
Yredelemnul

Shops:
D:5 =

Annotations:
D:7 1 runed translucent door


Innate Abilities, Weirdness & Mutations

You are a hulking beast.
Your limbs bulge with bestial killing power. (Slay +0)
You are partially covered in sharp spines.
When seriously injured, your blood forms armour. (AC +6)
You have a tail ending in a sharp stinger.


Message History

Aim: an orc warrior, wielding a +0 dire flail and wearing a +0 plate armour (asleep, 98% to hit)
You shoot an arrow.
The arrow hits the orc warrior but does no damage.
The orc warrior shouts!
The orc warrior unwields a +0 dire flail.
The orc warrior wields a +0 arbalest.
The orc warrior shoots a bolt.
The bolt hits you!
The orc shouts!
Fire: a) +1 shortbow
Press: ? - help, Q - select action, (/) - cycle Shift-Dir - straight line, f/p - orc warrior
Aim: an orc warrior, wielding a +0 arbalest and wearing a +0 plate armour (66% to hit)
You shoot an arrow.
The arrow barely misses the orc warrior.
The orc warrior shoots a bolt.
The bolt closely misses you.
The orc warrior shoots a bolt.
The bolt closely misses you.
The orc warrior unwields a +0 arbalest.
The orc warrior wields a +0 dire flail.
The orc warrior misses you.
Your +2 long sword of venom begins to drip with poison!
b - a +2 long sword of venom (weapon)
You hit the orc warrior.
The orc warrior is poisoned.
The orc warrior is lightly wounded.
The orc warrior barely misses you.
You closely miss the orc warrior.
The orc warrior is moderately wounded.
The orc warrior hits you with a +0 dire flail! x2
Your blood congeals into armour.
You barely miss the orc warrior.
The orc warrior is moderately wounded.
The orc warrior is struck by your spines.
The orc warrior hits you with a +0 dire flail.
The orc warrior unwields a +0 dire flail.
The orc warrior wields a +0 arbalest.
The orc warrior shoots a bolt.
The bolt misses you.
The orc warrior shoots a bolt.
The bolt misses you.
Things that are here:
a +0 whip; a +0 leather armour The orc warrior shoots a bolt.
The bolt hits you!
* * * LOW HITPOINT WARNING * * *
The orc warrior shoots a bolt.
The bolt hits you!
You die...

#.......#.## ###
...##.###.#.####
.. #.###...# ...
##.#.##.# ###
##.#...# ###.#.#
##.#.# #....#
#.h#### #.....#
#.##.## #.
#.)#######.. #.
##..o.o....# #.
########### #.
#.


You could see an orc warrior (poisoned).

Vanquished Creatures
  Grinder (D:5)
  An orc warrior (D:7)
  An ogre (D:5)
  A scorpion (D:5)
  A hound (D:5)
  An orc priest (D:7)
  A sleepcap (D:5)
  Jessica (D:2)
  2 iguanas
  3 orc wizards (D:7)
  Robin (D:4)
  7 adders
  A white imp (D:7)
  An ufetubus (D:3)
  A worm (D:2)
  2 dart slugs
  11 orcs
  4 ball pythons
  5 endoplasms
  3 giant cockroaches
  9 hobgoblins
  3 kobolds
  4 quokkas
  5 bats
  A frilled lizard (D:3)
  11 goblins
  5 rats
87 creatures vanquished.

Notes
Turn   | Place    | Note
-------+----------+-------------------------------------------
     0 | D:1      | thirtiethelement the Demonspawn Hunter began the quest for
                  | the Orb.
     0 | D:1      | Reached XP level 1. HP: 16/16 MP: 1/1
   111 | D:1      | Reached skill level 4 in Ranged Weapons
   123 | D:1      | Gained mutation: You have a small tail. [demonic ancestry]
   123 | D:1      | Reached XP level 2. HP: 22/22 MP: 2/2
   574 | D:2      | Found an opulent altar of Gozag.
   624 | D:2      | Gained mutation: You are partially covered in sharp spines.
                  | [demonic ancestry]
   624 | D:2      | Reached XP level 3. HP: 17/27 MP: 3/3
   816 | D:2      | Noticed Jessica
   820 | D:2      | Killed Jessica
   821 | D:2      | Gained mutation: You have a tail ending in a sharp stinger.
                  | [demonic ancestry]
   821 | D:2      | Reached XP level 4. HP: 34/34 MP: 4/4
  1098 | D:2      | Reached skill level 5 in Ranged Weapons
  1156 | D:3      | Got the Catalogue of the Evil Eye
  1161 | D:3      | Reached skill level 1 in Stealth
  1354 | D:3      | Found a faded altar of an unknown god.
  1708 | D:4      | Noticed Robin
  1728 | D:4      | Killed Robin
  1929 | D:4      | Reached XP level 5. HP: 29/39 MP: 1/5
  2059 | D:4      | Found a shadowy altar of Dithmenos.
  2059 | D:4      | Found a basalt altar of Yredelemnul.
  2456 | D:5      | Entered Level 5 of the Dungeon
  2544 | D:5      | Reached skill level 1 in Short Blades
  2618 | D:5      | Found Xylas's Jewellery Boutique.
  2897 | D:5      | Reached skill level 1 in Armour
  2897 | D:5      | Reached XP level 6. HP: 41/46 MP: 2/6
  3056 | D:5      | Found a staircase to the Ecumenical Temple.
  3066 | Temple   | Entered the Ecumenical Temple
  3112 | Temple   | Became a worshipper of Hepliaklqana the Forgotten
  3249 | D:5      | Reached skill level 6 in Ranged Weapons
  3286 | D:5      | Noticed Grinder
  3299 | D:5      | Killed Grinder
  3300 | D:5      | Gained mutation: When seriously injured, your blood forms
                  | armour. (AC +6) [demonic ancestry]
  3300 | D:5      | Reached XP level 7. HP: 18/52 MP: 7/7
  3460 | D:5      | You are sucked into a shaft and drop 3 floors!
  3500 | D:7      | Reached skill level 1 in Long Blades
  3526 | D:7      | Reached skill level 1 in Shapeshifting
  3644 | D:7      | Noticed a sixfirhy
  3645 | D:7      | Found a runed translucent door.
  3949 | D:7      | Shot with a bolt by an orc warrior

Illustrated notes

Levels and vault maps discovered:
D:1:      lightli_arrival_statue_moat, layout_rooms, minivault_27,
          amethyst_killhole
D:2:      layout_loops_ring, basic_altar, uniq_jessica
D:3:      layout_rooms, basic_ecumenical_altar
D:4:      layout_basic, gammafunk_temple_overflow_claw, kennysheep_nondescript,
          uniq_robin
D:5:      layout_basic, minmay_temple_entry_offerings, serial_shops, shop,
          uniq_grinder
D:7:      cheibrodos_shockbox, layout_loops_cross, mainiacjoe_overflow_two_lobes
D:8:      gammafunk_corrupted_shrine, layout_basic
Temple:   regret_index_temple_waves

Skill      XL: |  1  2  3  4  5  6  7 |
---------------+----------------------+-----
Ranged Weapons | 4 5 6 |  6.6
Stealth        | 1 |  1.6
Short Blades   | 1 |  1.7
Armour         | 1 2 |  2.2
Dodging        | 2 |  2.7
Fighting       | 3 |  3.7
Long Blades    | 1 |  1.6
Shapeshifting  | 1 |  1.0

Action                     |  1- 3 |  4- 6 |  7- 9 || total
---------------------------+-------+-------+-------++-------
  Melee: Dagger            |       |    89 |       ||    89
         Tailslap          |       |    25 |     2 ||    27
         Punch             |       |     1 |     1 ||     2
         Long sword        |       |     9 |    34 ||    43
   Fire: Shortbow          |    83 |    83 |    20 ||   186
    Use: Scroll            |       |     8 |       ||     8
   Stab: Sleeping          |       |       |     1 ||     1
 Armour: Leather armour    |    13 |    35 |    16 ||    64
  Dodge: Dodged            |    11 |    59 |    18 ||    88
   Form: Beast             |     1 |     1 |       ||     2
                           |       |     1 |       ||     1

Table legend: (Time is in decaauts)
 A = Elapsed time spent in this place.
 B = Non-inter-level travel time spent in this place.
 C = Inter-level travel time spent in this place.
 D = Time resting spent in this place.
 E = Time spent auto-exploring this place.
 F = Levels seen in this place.
 G = Mean time per level.
                   A        B        C        D        E       F      G
               +--------+--------+--------+--------+--------+-----+--------+
         Total |   3976 |   3908 |     68 |    141 |   3023 |   8 |  497.0 |
       Dungeon |   3897 |   3829 |     68 |    141 |   3023 |   7 |  556.7 |
        Temple |     78 |     78 |      0 |      0 |      0 |   1 |   78.0 |
               +--------+--------+--------+--------+--------+-----+--------+

Top non-repeatable levels by time:
     D:5: 922 daAuts
     D:4: 906 daAuts
     D:2: 706 daAuts
     D:7: 488 daAuts
     D:1: 464 daAuts
     D:3: 399 daAuts
  Temple: 78 daAuts
     D:8: 9 daAuts
